 Dungeon Crawl Stone Soup version 0.16-a0-3926-g4728e1c (webtiles) character file.

2542652 Eyesburn the Slayer (level 27, 171/192 HPs)
             Began as a Gargoyle Berserker on Feb 4, 2015.
             Was the Champion of the Shining One.
             Escaped with the Orb
             ... and 5 runes on Feb 5, 2015!
             The game lasted 08:44:29 (101406 turns).

Eyesburn the Slayer (Gargoyle Berserker)          Turns: 101406, Time: 08:44:29

Health: 171/192    AC: 58    Str: 27    XL:     27
Magic:  41/41      EV: 27    Int: 14    God:    the Shining One [******]
Gold:   5586       SH: 17    Dex: 18    Spells: 6 memorised, 30 levels left

rFire  + + .     SeeInvis +     a - +9 eveningstar (holy)
rCold  + + .     Clarity  .     r - +6 chain mail of Pathos {rF+ MP+9 SInv}
rNeg   + + +     SustAb   .     v - +2 shield {reflect}
rPois  ∞         Gourm    .     S - +3 helmet of the Evening Star {rN+ MP-9 Int+4}
rElec  +         Spirit   .     R - +4 dragonskin cloak
rCorr  .         Warding  .     V - +2 pair of gloves {archery}
rMut   +         Stasis   .     P - +2 pair of boots of the Assassin {Stlth++}
MR     ++...                    O - amulet of resist mutation {rMut, !d}
Stlth  +.........               K - ring of Pnuec {+Inv rElec rN+ Slay+3}
                                I - ring of Quebal {rC+ EV+4}

@: flying, glowing, repel missiles, very resistant to hostile enchantments, very
unstealthy
A: able to fly continuously, big wings, repulsion field 1, camouflage 1, agile
1, negative energy resistance 1, shaggy fur 1, electricity resistance, strong 1,
unbreathing, petrification resistance, rot immunity, AC +20
a: Stop Flying, Divine Shield, Cleansing Flame, Summon Divine Warrior, Renounce
Religion, Evoke Invisibility
0: Orb of Zot
}: 5/15 runes: serpentine, barnacled, slimy, silver, abyssal


You escaped.
You worshipped the Shining One.
The Shining One was exalted by your worship.
You were very full.

You visited 12 branches of the dungeon, and saw 65 of its levels.
You visited the Abyss 1 time.
You also visited: Sewer, Bailey, Ice Cave and Volcano.

You collected 8508 gold pieces.
You spent 2922 gold pieces at shops.

Inventory:

Hand weapons
 a - a +9 eveningstar of holy wrath (weapon)
 A - a +6 antimagic eveningstar
Missiles
 b - 29 tomahawks of returning
 d - 22 tomahawks of dispersal {=f}
 u - 22 throwing nets {=f, !d}
 F - 41 javelins of returning (quivered)
Armour
 r - the +6 chain mail of Pathos (worn) {rF+ MP+9 SInv}
   (You found it on level 5 of the Shoals)

   It protects you from fire.
   It affects your magic capacity (+9).
   It enhances your eyesight.
 v - a +2 shield of reflection (worn)
 P - the +2 pair of boots of the Assassin (worn) {Stlth++}
   (You acquired it on level 3 of the Shoals)

   It makes you much more stealthy.
 R - the +4 dragonskin cloak (worn)
   (You took it off Tiamat on level 2 of the Realm of Zot)
 S - the +3 helmet of the Evening Star (worn) {rN+ MP-9 Int+4}
   (You found it on level 12 of the Dungeon)

   It affects your intelligence (+4).
   It protects you from negative energy.
   It affects your magic capacity (-9).
 V - a +2 pair of gloves of archery (worn)
Jewellery
 e - a +5 ring of evasion
 i - the ring of Xom's Generosity {Ice +Blink}
   (You took it off a crimson imp on level 1 of the Depths)

   [ring of ice]

   It enhances your ice magic, and weakens your fire magic.
   It makes you vulnerable to fire.
   It protects you from cold.
   It lets you blink.
 p - an uncursed amulet of warding {Ward, rN+, !d}
 I - the ring of Quebal (left hand) {rC+ EV+4}
   (You took it off a deep elf demonologist on level 3 of the Elven Halls)

   [ring of evasion]

   It affects your evasion (+4).
   It protects you from cold.
 J - an uncursed ring of teleport control {cTele, !d}
 K - the ring of Pnuec (right hand) {+Inv rElec rN+ Slay+3}
   (You found it on level 6 of the Pits of Slime)

   [ring of invisibility]

   It affects your accuracy and damage with ranged weapons and melee attacks
   (+3).
   It insulates you from electricity.
   It protects you from negative energy.
   It lets you turn invisible.
 L - an uncursed amulet of regeneration {+regen, !d}
 O - an amulet of resist mutation (around neck) {rMut, !d}
 Q - the ring of Tojoecuo {+/*Tele rC+ MP-9 Dex+5 SInv}
   (You found it on level 6 of the Pits of Slime)

   [ring of teleportation]

   It causes random teleportation, and can be evoked to teleport at will.
   It affects your dexterity (+5).
   It protects you from cold.
   It affects your magic capacity (-9).
   It enhances your eyesight.
Magical devices
 f - a wand of fire (0)
 n - a wand of teleportation (6)
 t - a wand of lightning (2)
 B - a wand of confusion (18)
 D - a wand of enslavement (4)
 H - a wand of paralysis (7)
 T - a wand of disintegration (6)
 U - a wand of digging (4)
Scrolls
 j - 3 scrolls of silence
 m - 16 scrolls of identify
 q - 11 scrolls of magic mapping {!r}
 w - a scroll of holy word {!r}
 x - 7 scrolls of blinking {!r}
 y - 7 scrolls of fog
 C - 15 scrolls of teleportation
 E - 10 scrolls of recharging
 M - 29 scrolls of remove curse
 W - 5 scrolls of fear
Potions
 h - 8 potions of cancellation
 k - 15 potions of curing
 l - 4 potions of heal wounds
 z - 2 potions of agility
 G - a potion of resistance
 N - a potion of brilliance
Miscellaneous
 g - a lamp of fire
 o - a fan of gales (inert)
 Y - a fan of gales (inert)
Comestibles
 c - 28 bread rations {@e1}


   Skills:
 - Level 24.7 Fighting
 - Level 19.8 Maces & Flails
 - Level 19.5 Throwing
 - Level 15.0 Armour
 - Level 17.1 Dodging
 - Level 15.0 Shields
 + Level 10.5 Spellcasting
 + Level 10.3 Charms
 - Level 2.0 Summonings
 + Level 10.4 Translocations
 + Level 10.2 Invocations
 - Level 18.5 Evocations


You had 30 spell levels left.
You knew the following spells:

 Your Spells              Type           Power        Failure   Level  Hunger
a - Apportation           Tloc           #####.....   1%          1    None
b - Blink                 Tloc           N/A          1%          2    None
c - Summon Butterflies    Summ           ##......     17%         1    None
d - Repel Missiles        Chrm/Air       ###...       10%         2    None
e - Haste                 Chrm           #####...     78%         6    ######.
f - Silence               Hex/Air        #.........   100%        5    #####..


Dungeon Overview and Level Annotations

Branches:
Dungeon (15/15)            Temple (1/1) D:6            Lair (8/8) D:8
 Shoals (5/5) Lair:4        Snake (5/5) Lair:6        Slime (6/6) Lair:6
    Orc (4/4) D:11            Elf (3/3) Orc:3        Vaults (5/5) D:14
  Crypt (3/3) Vaults:2       Tomb (0/3) Crypt:3      Depths (5/5) D:15
    Zot (5/5) Depths:5

Altars:
Ashenzari
Cheibriados
Dithmenos
Elyvilon
Fedhas
Gozag
Kikubaaqudgha
Makhleb
Nemelex Xobeh
Okawaru
Qazlal
Ru
Sif Muna
Trog
Vehumet
Xom
Yredelemnul
Zin
The Shining One
Beogh
Jiyva
Lugonu

Shops:
D:7 [   D:8 ?[   D:11 !   D:12 *   D:15 *   Orc:2 =   Orc:4 *(%[(   Elf:2 (!=
Shoals:2 :   Vaults:2 ?:(   Vaults:3 *   Vaults:4 ([*

Portals:
Hell: Depths:1 Depths:2 Depths:3 Depths:4 Depths:5
Abyss: Depths:3 Depths:4
Pandemonium: Depths:1 Depths:3
Ziggurat: Depths:4

Annotations:
Depths:4 2 exclusions
Zot:2 1 exclusion
Zot:3 1 exclusion
Zot:4 1 exclusion


Innate Abilities, Weirdness & Mutations

You are resistant to torment.
You are immune to poison.
You can fly continuously.
Your stone body is very resilient (AC +20).
Your wings are large and strong.
You resist negative energy.
You are resistant to electric shocks.
You can survive without breathing.
You are immune to petrification.
You are immune to rotting.
You are surrounded by a mild repulsion field (EV +2).
Your skin changes colour to match your surroundings (Stealth).
You are agile. (Dex +2)
You are covered in fur (AC +1).
Your muscles are strong. (Str +2)


Message History

This wand has 6 charges left.
The rock shatters into small pieces.
This wand has 5 charges left.
A white imp comes into view.
The white imp shouts, "Away with thee, thou reeling-ripe fat-kidneyed mish-mash!"
The white imp gestures at you.
Your +2 shield of reflection reflects the puff of frost!
The puff of frost hits the white imp.
The white imp resists.
The white imp gestures at you.
Your +2 shield of reflection reflects the puff of frost!
The puff of frost hits the white imp.
The white imp resists.
The rock shatters into small pieces.
This wand has 4 charges left.
The white imp gestures at you. The puff of frost misses you.
There is a staircase leading out of the dungeon here.
You impale the white imp!!
You kill the white imp!
The Shining One accepts your kill.
You feel a little better.
You regained 2 hp, and now have 170/192 hp.
You have escaped!

#####.#..##.#####..#.........####
##.....#.##.# #..#..#...##.....
#...#.....#.# #..........######
...###....#.#####..##.#>..##
..........#.##........##.##
.#.).).#..)....######.##.#
##.._..##.######.#.8#.##.#
.#.).).#...# #..#'#.##.#
.....).....# #@.#'..##.#
...###.....# #..#'####.#
....#.....## ##.#.8# #.#
..[......## ##.##### #.#
#.......######.#########.########
######### #......................
#......# #.###########...#######
....##.# #..# ##.......# #
.......# ##.## #.....##.###


There were no monsters in sight!

Vanquished Creatures
  the royal jelly (Slime:6)
  Dissolution (Slime:2)
  Tiamat (Zot:2)
  5 orbs of fire
  10 ancient liches
  Sojobo (Crypt:3)
  Saint Roka (Vaults:1)
  3 Killer Klowns
  2 curse toes
  11 golden dragons
  Xtahua (Depths:3)
  Frederick (Depths:5)
  A bone dragon (Depths:5)
  3 electric golems
  3 Brimstone Fiends
  20 Orb Guardians (Zot:5)
  Vashnia (Snake:2)
  19 tentacled monstrosities
  6 titans
  5 liches
  A quicksilver dragon (Vaults:5)
  4 deep elf blademasters
  A deep elf master archer (Elf:3)
  9 acid blobs
  9 tengu reavers
  4 sphinxes
  An eldritch tentacle (Vaults:5)
  Kirke (Snake:2)
  2 octopode crushers (Depths:5)
  9 shadow dragons
  8 azure jellies
  5 ancient champions
  12 storm dragons
  5 draconian monks
  Ilsuiw (Shoals:5)
  9 frost giants
  10 greater nagas
  Wiglaf (Vaults:5)
  16 vault wardens
  11 fire giants
  A balrug (Depths:4)
  10 draconian zealots
  4 draconian scorchers
  2 iron dragons
  2 emperor scorpions
  10 deep elf sorcerers
  Aizul (Snake:1)
  3 draconian knights
  4 ghost moths
  5 curse skulls
  A ghoul (Crypt:2)
  14 ironheart preservers
  3 war gargoyles
  5 draconian shifters
  7 draconian annihilators
  A spriggan defender (Depths:4)
  6 rakshasas
  A reaper (Depths:1)
  A caustic shrike skeleton (Depths:3)
  2 vampire knights
  A stone giant (shapeshifter) (Vaults:5)
  6 very ugly things
  6 grey draconians
  4 draconian callers
  21 stone giants
  8 deep elf demonologists
  8 starcursed masses (Abyss:3)
  9 green draconians
  15 purple draconians
  5 black draconians
  4 dire elephants
  3 pale draconians
  7 red draconians
  15 deep elf annihilators
  10 yellow draconians
  5 white draconians
  9 mottled draconians
  A blizzard demon (Crypt:3)
  A green death (Depths:1)
  Snorg (Lair:3)
  6 merfolk javelineers
  3 minotaurs
  7 deep elf death magi
  A fire dragon (shapeshifter) (Depths:2)
  6 eidola
  A crystal guardian (Depths:2)
  4 death oozes (Slime:6)
  12 ettins
  A great orb of eyes (shapeshifter) (Vaults:3)
  30 vault guards
  10 deep elf high priests
  16 fire dragons
  15 jiangshi
  4 merfolk impalers
  8 death cobs
  4 hell beasts
  13 ice dragons
  9 great orbs of eyes
  18 yaktaur captains
  Fannar (Lair:7)
  2 ice dragons (shapeshifter) (Depths:2)
  15 naga warriors
  8 centaur warriors
  11 hydras
  The ghost of Monkaria the Severer, a powerful HOFi of Makhleb (D:10)
  2 satyrs
  Erica (D:12)
  5 merfolk avatars
  4 spriggan air magi
  2 merfolk aquamancers (Shoals:5)
  15 anacondas
  7 tengu warriors
  9 ogre magi
  20 dancing weapons
  12 deep troll earth magi
  3 death knights (Crypt:2)
  21 death yaks
  8 deep troll shamans
  12 shock serpents
  4 sun demons
  6 vampire magi
  A shock serpent (shapeshifter) (Depths:2)
  27 naga sharpshooters
  6 soul eaters
  2 catoblepae
  3 spriggans (Depths:4)
  28 deep elf knights
  2 wretched stars (Abyss:3)
  18 hell knights
  3 ice devils
  6 salamander mystics
  31 skeletal warriors
  A titan skeleton (Crypt:2)
  4 fire crabs
  A thrashing horror (Abyss:3)
  2 storm dragon skeletons (Depths:3)
  4 unseen horrors
  7 shadow wraiths
  3 iron trolls
  A death drake (Zot:5)
  35 deep trolls
  11 sea snakes
  2 giant orange brains
  16 harpies
  11 deep elf summoners
  5 flayed ghosts
  16 naga ritualists
  3 ice statues
  15 orc knights
  A shadow dragon zombie (D:15)
  An obsidian statue (Depths:1)
  15 ironbrand convokers
  20 hill giants
  Pikel (D:4)
  An anaconda skeleton (Crypt:1)
  15 deep elf conjurers
  2 wizards
  A lindwurm (Snake:2)
  A golden dragon skeleton (Depths:3)
  7 mana vipers
  46 ugly things
  12 cyclopes
  2 wolf spider zombies
  A draconian zombie (Zot:5)
  10 manticores
  A tengu zombie (Crypt:3)
  2 wolf spiders
  4 necromancers
  A wolf spider (shapeshifter) (Depths:5)
  A mana viper (shapeshifter) (Vaults:2)
  A stone giant zombie (Vaults:1)
  2 deathcaps (Zot:4)
  A sphinx skeleton (Depths:3)
  9 orc sorcerers
  10 phantasmal warriors
  2 shadow dragon skeletons (Depths:3)
  An oklob plant (D:10)
  7 shining eyes
  12 fauns
  15 salamanders
  6 sixfirhies
  19 griffons
  A cyclops (shapeshifter) (Vaults:2)
  2 black mambas (shapeshifter)
  A spectral alligator (Crypt:3)
  19 elephants
  2 centaur zombies (D:15)
  7 water nymphs
  3 drowned souls
  An elephant (shapeshifter) (Depths:1)
  2 molten gargoyles (Volcano)
  41 black mambas
  33 moths of wrath
  A moth of wrath (shapeshifter) (Vaults:1)
  2 orange demons
  A manticore (shapeshifter) (Depths:1)
  9 vault sentinels
  2 fire giant skeletons (Depths:3)
  5 small abominations
  Joseph (Lair:1)
  11 sirens
  4 frost giant skeletons (Depths:3)
  2 eyes of devastation (Slime:6)
  2 hornets
  8 guardian serpents
  2 torpor snails
  2 rust devils
  An orange crystal statue (Vaults:1)
  A torpor snail (shapeshifter) (Vaults:5)
  4 fire drakes
  31 naga magi
  Psyche (D:12)
  A dire elephant skeleton (Crypt:1)
  6 elf skeletons
  2 gargoyles
  4 smoke demons
  5 spriggan skeletons
  37 yaktaurs
  5 centaur skeletons
  A guardian serpent (shapeshifter) (D:10)
  14 deep elf priests
  3 kobold demonologists
  17 spiny frogs
  2 elves (shapeshifter)
  5 efreet
  A death yak skeleton (Crypt:1)
  2 demonic crawlers
  5 guardian mummies
  A hellion (D:7)
  10 trolls
  A death drake zombie (Crypt:2)
  A minotaur zombie (Depths:1)
  An anaconda simulacrum (Depths:2)
  A queen bee (shapeshifter) (Vaults:2)
  8 komodo dragons
  5 red devils
  An ancient zyme (Abyss:3)
  3 silent spectres
  2 trolls (shapeshifter)
  8 polar bears
  A harpy zombie (Shoals:1)
  A giant leech (shapeshifter) (Depths:2)
  36 merfolk
  4 blue devils
  A queen bee (D:14)
  3 tengu conjurers
  5 wind drakes
  18 two-headed ogres
  10 freezing wraiths
  A wandering mushroom (Zot:4)
  12 ravens
  12 snapping turtles
  A griffon zombie (Shoals:1)
  A bog body (Crypt:2)
  9 boulder beetles
  A giant leech (Shoals:3)
  A harpy skeleton (Crypt:3)
  13 flying skulls
  18 blink frogs
  An ettin zombie (Vaults:1)
  80 slime creatures
  2 boulder beetles (shapeshifter)
  3 raiju (Abyss:3)
  A blink frog (shapeshifter) (Elf:1)
  4 basilisks
  12 redbacks
  6 vampires
  A fire dragon skeleton (Crypt:3)
  A spriggan (shapeshifter) (Depths:5)
  3 wyverns
  4 golden eyes
  9 shadows
  5 air elementals
  9 wraiths
  4 ynoxinuls
  2 trapdoor spiders (shapeshifter) (Depths:2)
  4 hogs (Snake:2)
  A redback (shapeshifter) (D:14)
  2 tarantellas
  38 deep elf magi
  15 hippogriffs
  14 water elementals
  24 fire elementals (Zot:1)
  3 steam dragons
  Eustachio (D:4)
  2 chaos spawn
  52 yaks
  9 vampire mosquitoes
  6 wargs
  33 deep elf fighters
  3 hungry ghosts
  2 neqoxecs
  2 mottled dragons
  A warg (shapeshifter) (Depths:5)
  An ogre zombie (Vaults:1)
  A spatial vortex (Abyss:2)
  Menkaure (D:4)
  2 hydra simulacra (Depths:2)
  17 porcupines
  4 wolves
  70 nagas
  A baby alligator zombie (Crypt:2)
  7 ice beasts
  An ice beast (shapeshifter) (Vaults:1)
  A soldier ant (shapeshifter) (Vaults:5)
  2 baby alligator skeletons
  2 harpy simulacra (Depths:2)
  6 wasps
  43 orc warriors
  46 water moccasins
  2 phantoms
  2 hell hounds (Volcano)
  9 black bears
  5 boggarts
  4 eyes of draining
  5 sky beasts
  2 necrophages
  14 crocodiles
  6 centaurs
  47 ogres
  2 blink frog zombies
  4 big kobolds
  A hog skeleton (Crypt:3)
  2 boring beetles
  A yaktaur zombie (Crypt:2)
  2 brain worms (D:14)
  A fire drake skeleton (Crypt:2)
  7 large abominations
  A draconian skeleton (Crypt:2)
  27 giant frogs
  A cyclops zombie (Crypt:3)
  A vine stalker skeleton (Crypt:2)
  A human simulacrum (Vaults:1)
  A wyvern skeleton (D:13)
  2 hippogriff zombies (Shoals:1)
  6 scorpions
  26 killer bees
  An electric eel (D:14)
  12 crimson imps
  3 goliath beetles
  4 giant frog zombies
  7 hounds
  2 lava snakes
  A wasp zombie (D:12)
  A giant frog skeleton (D:12)
  Crazy Yiuf (D:6)
  3 human zombies (Crypt:1)
  26 orc priests
  28 jellies
  A black bear zombie (Crypt:1)
  8 iron imps
  66 orc wizards
  14 iguanas
  35 sheep
  5 hell rats
  7 worker ants
  3 killer bee zombies (D:14)
  Jessica (D:3)
  3 hound skeletons
  3 mummies (Crypt:1)
  A worker ant zombie (D:8)
  Robin (D:3)
  A gnoll (shapeshifter) (Depths:5)
  11 gnolls
  28 river rats
  A worm zombie (Crypt:3)
  26 adders
  A giant mite (D:4)
  11 shadow imps
  A giant eyeball (Slime:2)
  2 worms
  7 ufetubi
  10 white imps
  An orc zombie (Orc:4)
  A sheep zombie (Crypt:1)
  2 adder skeletons
  7 giant geckos
  16 oozes
  215 orcs
  5 ball pythons
  2 bat skeletons
  A bat zombie (Shoals:1)
  4 giant cockroaches
  29 goblins
  28 hobgoblins
  19 jackals
  20 bats
  A giant gecko skeleton (D:5)
  A giant mite zombie (Crypt:3)
  7 giant newts
  A giant newt skeleton (Crypt:1)
  A gnoll zombie (Crypt:3)
  A jackal zombie (D:8)
  49 kobolds
  A kobold skeleton (Crypt:3)
  An orc skeleton (Crypt:1)
  14 quokkas
  3 quokka skeletons
  39 rats
  5 ballistomycetes
  A crawling corpse (Vaults:3)
  5 fungi
  2 plants
3334 creatures vanquished.

Vanquished Creatures (collateral kills)
  An orb of fire (Zot:5)
  Norris (Snake:2)
  A golden dragon (Zot:4)
  2 tentacled monstrosities (Zot:5)
  2 Orb Guardians (Zot:5)
  A storm dragon (D:10)
  An azure jelly (Slime:6)
  Donald (Snake:2)
  A fire giant (Depths:3)
  Gastronok (Lair:1)
  2 ironheart preservers
  Jorgrun (Depths:3)
  2 stone giants (Zot:5)
  A reaper (D:15)
  A draconian shifter (Zot:5)
  A draconian caller (Zot:5)
  A grey draconian (Zot:5)
  A death ooze (Slime:6)
  A merfolk impaler (Shoals:1)
  A satyr (Shoals:4)
  3 deep troll earth magi (Depths:3)
  7 death yaks
  A deep troll shaman (Depths:3)
  A naga sharpshooter (Snake:4)
  A skeletal warrior (D:15)
  An iron troll (Depths:5)
  A sea snake (Shoals:4)
  2 ice devils (IceCv)
  3 deep trolls
  A flayed ghost (Depths:3)
  A stone giant zombie (D:15)
  2 fauns (Shoals:3)
  A griffon (shapeshifter) (Depths:5)
  A spriggan zombie (D:15)
  4 oklob plants (Lair:6)
  A black mamba (Snake:4)
  3 centaur skeletons (D:11)
  A fire drake (Zot:5)
  2 harpy zombies (Shoals:1)
  A deep elf priest (Elf:3)
  3 merfolk
  A polar bear (Zot:5)
  A troll (D:11)
  3 blue devils
  Grinder (D:4)
  3 blink frogs (Lair:3)
  2 snapping turtles
  4 slime creatures
  2 yaks (D:11)
  A hippogriff (Lair:3)
  2 deep elf fighters
  A water moccasin (Snake:4)
  4 ogres (Depths:3)
  A porcupine (Lair:3)
  An ice beast (D:14)
  2 orc warriors (Orc:4)
  A giant frog (D:11)
  3 killer bees (D:11)
  3 jellies (Slime:4)
  An orc priest (Vaults:2)
  An orc wizard (Orc:4)
  A mummy (Crypt:3)
  A white imp (IceCv)
  4 river rats (Lair:3)
  10 orcs (Orc:4)
  2 kobolds (D:11)
121 creatures vanquished.

Vanquished Creatures (others)
  3 fire giants
  A daeva (Zot:5)
  2 draconian knights
  2 angels (Zot:5)
  2 draconian zealots
  A draconian shifter (Zot:4)
  A stone giant (Vaults:3)
  A red draconian (Zot:1)
  A merfolk javelineer (Shoals:5)
  2 deep elf high priests
  A yaktaur captain (Depths:4)
  A naga sharpshooter (Snake:5)
  A deep elf knight (Elf:3)
  An iron troll (Depths:5)
  3 deep trolls
  A sea snake (Shoals:5)
  A necromancer (Depths:3)
  A draconian zombie (Zot:5)
  2 moths of wrath (Zot:5)
  A cyclops (Vaults:1)
  A smoke demon (Abyss:3)
  A naga mage (Depths:2)
  10 drowned souls
  9 air elementals (Zot:5)
  5 yaktaurs
  2 trolls
  A fire drake (Zot:5)
  3 two-headed ogres
  A blue devil (Vaults:5)
  A raven (Depths:5)
  A water elemental (Shoals:5)
  A deep elf mage (Elf:1)
  A deep elf fighter (Elf:2)
  A slave (D:4)
  4 ogres
  7 lost souls
  An orc wizard (Orc:4)
  A crimson imp (D:6)
  A worker ant (D:4)
  An adder (D:4)
  A white imp (IceCv)
  4 ufetubi (IceCv)
  3 orcs
  A quokka (D:4)
  A giant newt (D:4)
  2 giant spores
  A goblin (D:4)
  7 eldritch tentacle segments (Vaults:5)
  8 fungi
  3 plants
113 creatures vanquished.

Grand Total: 3568 creatures vanquished

Notes
Turn   | Place    | Note
--------------------------------------------------------------
     0 | D:1      | Eyesburn, the Gargoyle Berserker, began the quest for the Orb.
     0 | D:1      | Reached XP level 1. HP: 14/14 MP: 1/1
   156 | D:1      | HP: 4/21 [gnoll/flail (5)]
   157 | D:1      | Reached XP level 2. HP: 5/19 MP: 2/2
   480 | D:1      | Found an iron altar of Okawaru.
   523 | D:1      | Reached XP level 3. HP: 23/23 MP: 3/3
   530 | D:1      | Reached skill level 4 in Maces & Flails
  1348 | D:2      | Reached XP level 4. HP: 17/28 MP: 4/4
  1350 | D:2      | Acquired Trog's second power
  1351 | D:2      | HP: 6/42 [gnoll/whip (9)]
  1354 | D:2      | Reached skill level 5 in Maces & Flails
  1757 | D:2      | Reached XP level 5. HP: 28/32 MP: 5/5
  2172 | D:3      | Noticed Jessica
  2402 | D:3      | Noticed Robin
  2574 | D:3      | Noticed an ogre
  2582 | D:3      | Killed an ogre
  2582 | D:3      | Reached skill level 6 in Maces & Flails
  2582 | D:3      | Reached XP level 6. HP: 23/39 MP: 6/6
  2868 | D:3      | Killed Jessica
  3186 | D:3      | Killed Robin
  3255 | D:3      | Noticed a wasp
  3272 | D:3      | Killed a wasp
  3272 | D:3      | Reached skill level 5 in Fighting
  3272 | D:3      | Reached XP level 7. HP: 22/44 MP: 7/7
  3785 | D:4      | Noticed Eustachio
  3786 | D:4      | Got a faintly glowing falchion
  3798 | D:4      | Killed Eustachio
  3798 | D:4      | Reached skill level 7 in Maces & Flails
  3833 | D:4      | Found a glowing drain.
  3877 | Sewer    | Entered a sewer
  4045 | Sewer    | Identified the cursed +1 falchion of Straxtumi {venom, Str+3 Stlth+} (You found it on level 4 of the Dungeon)
  4170 | Sewer    | Acquired Trog's third power
  4729 | D:4      | Noticed Pikel
  4755 | D:4      | Killed Pikel
  4755 | D:4      | Reached skill level 8 in Maces & Flails
  4755 | D:4      | Reached XP level 8. HP: 53/53 MP: 8/8
  4809 | D:4      | Noticed Grinder
  4812 | D:4      | Paralysed by Grinder for 5 turns
  4823 | D:4      | Killed Grinder
  5030 | D:4      | Noticed Menkaure
  5055 | D:4      | Killed Menkaure
  5487 | D:5      | Entered Level 5 of the Dungeon
  5824 | D:5      | Reached skill level 9 in Maces & Flails
  6161 | D:5      | Reached XP level 9. HP: 60/60 MP: 9/9
  6426 | D:5      | Gained mutation: You are frail (-10% HP). [mutagenic meat]
  6427 | D:5      | Gained mutation: Your mind is acute. (Int +2) [mutagenic meat]
  6428 | D:5      | Lost mutation: You are frail (-10% HP). [mutagenic meat]
  7029 | D:6      | Found a staircase to the Ecumenical Temple.
  7064 | Temple   | Entered the Ecumenical Temple
  7198 | D:6      | Reached skill level 1 in Evocations
  7621 | D:6      | Reached skill level 10 in Maces & Flails
  7847 | D:6      | Noticed Crazy Yiuf
  7854 | D:6      | Killed Crazy Yiuf
  8163 | D:7      | Found Ugileuc's Armour Emporium.
  9030 | D:7      | Found a radiant altar of Vehumet.
  9037 | D:7      | Found a basalt altar of Yredelemnul.
  9251 | D:8      | Reached XP level 10. HP: 66/66 MP: 17/17
  9276 | D:8      | Received a gift from Trog
  9354 | D:8      | Reached skill level 5 in Evocations
  9359 | D:8      | Reached skill level 11 in Maces & Flails
  9394 | D:8      | Found Tweseshoa's Armour Shop.
  9531 | D:8      | Found a burning altar of Makhleb.
  9681 | D:8      | Found Riyproaru's Magic Scroll Shoppe.
  9684 | D:8      | Bought a scroll of teleportation for 36 gold pieces
  9684 | D:8      | Bought a scroll of teleportation for 36 gold pieces
  9909 | D:8      | Found a staircase to the Lair.
  9974 | Lair:1   | Entered Level 1 of the Lair of Beasts
  9974 | Lair:1   | Noticed Joseph
  9988 | Lair:1   | Killed Joseph
 10122 | Lair:1   | Noticed a four-headed hydra
 10133 | Lair:1   | Killed a four-headed hydra
 10366 | Lair:1   | Noticed a black mamba
 10373 | Lair:1   | Killed a black mamba
 10479 | Lair:1   | Noticed Gastronok
 10544 | Lair:1   | Killed Gastronok
 10544 | Lair:1   | Reached skill level 5 in Armour
 10544 | Lair:1   | Reached XP level 11. HP: 72/72 MP: 21/21
 10675 | Lair:1   | Received a gift from Trog
 11073 | Lair:2   | Reached skill level 12 in Maces & Flails
 11323 | Lair:2   | Reached skill level 10 in Fighting
 11875 | Lair:3   | Received a gift from Trog
 12040 | Lair:3   | Noticed Snorg
 12048 | Lair:3   | Killed Snorg
 12356 | Lair:3   | Noticed a five-headed hydra
 12365 | Lair:3   | Killed a five-headed hydra
 12611 | Lair:3   | Reached XP level 12. HP: 56/79 MP: 24/24
 13319 | Lair:4   | Noticed a six-headed hydra
 13327 | Lair:4   | Killed a six-headed hydra
 13431 | Lair:4   | Received a gift from Trog
 13627 | Lair:4   | Reached skill level 13 in Maces & Flails
 14102 | Lair:4   | Found a staircase to the Shoals.
 14440 | Lair:5   | Found a dark tunnel.
 14445 | Volcano  | Entered a volcano
 14588 | Volcano  | Found a burning altar of Makhleb.
 14964 | Lair:5   | Reached skill level 10 in Evocations
 14978 | Lair:5   | Reached XP level 13. HP: 75/86 MP: 26/26
 15628 | Lair:5   | Received a gift from Trog
 16230 | D:8      | Bought a scroll of magic mapping for 42 gold pieces
 16653 | Lair:6   | Found a staircase to the Slime Pits.
 16654 | Lair:6   | Found a viscous altar of Jiyva.
 16866 | Lair:6   | Found a staircase to the Snake Pit.
 16960 | Lair:6   | Reached skill level 10 in Armour
 17616 | Lair:6   | Reached skill level 14 in Maces & Flails
 18095 | Lair:7   | Noticed Fannar
 18112 | Lair:7   | Killed Fannar
 18401 | Lair:7   | Gained mutation: Your wings are large and strong. [gargoyle growth]
 18401 | Lair:7   | Reached XP level 14. HP: 94/94 MP: 28/28
 19793 | Lair:8   | Entered Level 8 of the Lair of Beasts
 20490 | Lair:8   | Reached skill level 15 in Maces & Flails
 20783 | Lair:8   | Got a warped marble ring
 20784 | Lair:8   | Identified the ring "Bria" {Ice rPois- Dex+4 SInv} (You found it on level 8 of the Lair of Beasts)
 21523 | D:8      | Received a gift from Trog
 21527 | D:8      | Got a brightly glowing short sword {god gift}
 21528 | D:8      | Identified the +4 short sword of Defiance {pierce, rElec rPois- rN+} (Trog gifted it to you on level 8 of the Dungeon)
 21587 | D:9      | Got a brightly glowing scale mail
 21598 | D:9      | Identified the +8 scale mail "Jeud" {rF++} (You found it on level 9 of the Dungeon)
 22194 | D:10     | Entered Level 10 of the Dungeon
 22251 | D:10     | Found a flagged portal.
 22267 | Bailey   | Entered a bailey
 22440 | Bailey   | Received a gift from Trog
 22546 | Bailey   | Reached XP level 15. HP: 96/101 MP: 30/30
 22568 | Bailey   | Reached skill level 1 in Throwing
 22739 | D:10     | Noticed Monkaria's ghost (powerful HOFi)
 22751 | D:10     | Killed Monkaria's ghost
 23345 | D:10     | Found a runed door.
 23352 | D:10     | Noticed a storm dragon
 23361 | D:10     | Killed a storm dragon
 23743 | D:11     | Found Imaquri's Distillery.
 23763 | D:11     | Found a staircase to the Orcish Mines.
 23833 | D:11     | Found a frozen archway.
 23833 | D:11     | Received a gift from Trog
 23843 | IceCv    | Entered an ice cave
 24064 | IceCv    | Identified a scroll of acquirement
 24067 | IceCv    | Got an ichor-stained cloak
 24078 | IceCv    | Identified the -2 cloak "Iter" {Stlth+} (You acquired it in an ice cave)
 25156 | D:12     | Got a translucent helmet
 25170 | D:12     | Identified the +3 helmet of the Evening Star {rN+ MP-9 Int+4} (You found it on level 12 of the Dungeon)
 25203 | D:12     | Reached skill level 15 in Fighting
 25557 | D:12     | Found Zagh's General Store.
 25716 | D:12     | Noticed Psyche
 25730 | D:12     | Killed Psyche
 25765 | D:12     | Noticed Erica
 25778 | D:12     | Killed Erica
 25975 | D:13     | Received a gift from Trog
 25978 | D:13     | Got a dazzling glaive {god gift}
 25986 | D:13     | Identified the +8 glaive "Jeaschae" {chop, Int+2} (Trog gifted it to you on level 13 of the Dungeon)
 26610 | D:13     | Reached skill level 16 in Maces & Flails
 27063 | Orc:1    | Entered Level 1 of the Orcish Mines
 27166 | Orc:4    | Entered Level 4 of the Orcish Mines
 27323 | Orc:4    | Found a roughly hewn altar of Beogh.
 27558 | Orc:4    | Received a gift from Trog
 27620 | Orc:4    | Received a gift from Trog
 27651 | Orc:4    | Reached skill level 5 in Throwing
 27674 | Orc:4    | Found a roughly hewn altar of Beogh.
 27715 | Orc:4    | Found Nioshrick's Antique Armour Shop.
 27715 | Orc:4    | Found Kiqesir's Weapon Shoppe.
 27826 | Orc:4    | Found Icsomm's Antique Weapon Shop.
 27826 | Orc:4    | Found Hahaskes' Food Shoppe.
 28120 | Orc:4    | Found Vaujuogown's Assorted Antiques.
 28336 | Orc:4    | Received a gift from Trog
 28429 | Orc:4    | Upgraded the game from 0.16-a0-3913-g9d9d7ce to 0.16-a0-3926-g4728e1c
 28435 | Orc:4    | Gained mutation: You are agile. (Dex +2) [potion of mutation]
 28435 | Orc:4    | Gained mutation: Your magical capacity is low (-10% MP). [potion of mutation]
 28436 | Orc:4    | Gained mutation: You are surrounded by a mild repulsion field (EV +2). [potion of mutation]
 28436 | Orc:4    | Lost mutation: Your magical capacity is low (-10% MP). [potion of mutation]
 28436 | Orc:4    | Gained mutation: You are covered in fur (AC +1). [potion of mutation]
 28449 | Orc:4    | Bought a crooked silver wand for 136 gold pieces
 28449 | Orc:4    | Bought a jewelled lead wand for 136 gold pieces
 28509 | Orc:4    | Bought a pair of runed gloves for 126 gold pieces
 28829 | Orc:3    | Found a staircase to the Elven Halls.
 29176 | Orc:2    | Received a gift from Trog
 29203 | Orc:2    | Found Streniok's Jewellery Shoppe.
 30058 | Orc:1    | Received a gift from Trog
 30359 | D:11     | Bought a potion of agility for 56 gold pieces
 30590 | D:8      | Bought a scroll of enchant weapon for 90 gold pieces
 30591 | D:8      | Bought a scroll of fog for 24 gold pieces
 30836 | D:14     | Got a steaming quarterstaff
 30837 | D:14     | Identified the cursed +2 quarterstaff "Steowaq" {crush, Dex+2} (You found it on level 14 of the Dungeon)
 31420 | D:14     | Found a gate to the Vaults.
 31656 | D:14     | Reached XP level 16. HP: 108/110 MP: 22/31
 31771 | D:14     | Received a gift from Trog
 31785 | D:14     | Found a burning altar of Makhleb.
 31987 | D:15     | Entered Level 15 of the Dungeon
 32134 | D:14     | Received a gift from Trog
 32207 | D:14     | Reached skill level 1 in Shields
 32253 | D:15     | Found a staircase to the Depths.
 33027 | D:15     | Found Phauttau's Profane Products.
 33035 | D:15     | Found an ancient bone altar of Kikubaaqudgha.
 33721 | Shoals:1 | Entered Level 1 of the Shoals
 34894 | Shoals:2 | Received a gift from Trog
 35468 | Shoals:2 | Found Ruotwaos' Book Shoppe.
 35644 | Shoals:2 | Received a gift from Trog
 37002 | Shoals:3 | Reached XP level 17. HP: 116/116 MP: 23/32
 37423 | Shoals:4 | Reached skill level 5 in Dodging
 37432 | Shoals:4 | Got a brightly glowing greatsling
 37433 | Shoals:4 | Identified the +8 greatsling of Subterfuge {venom, rC++} (You found it on level 4 of the Shoals)
 38305 | Shoals:4 | Received a gift from Trog
 38574 | Shoals:4 | Reached skill level 17 in Maces & Flails
 39112 | Shoals:5 | Entered Level 5 of the Shoals
 39149 | Shoals:5 | Got a twisted chain mail
 39160 | Shoals:5 | Identified the +6 chain mail of Pathos {rF+ MP+9 SInv} (You found it on level 5 of the Shoals)
 39282 | Shoals:5 | Got an encrusted leather armour
 39293 | Shoals:5 | Identified the +2 leather armour "Choeceal" {rN+ MP+9 Int-2 SInv} (You found it on level 5 of the Shoals)
 39356 | Shoals:5 | Reached skill level 5 in Shields
 39938 | Shoals:5 | Received a gift from Trog
 39953 | Shoals:5 | Got a barnacled rune of Zot
 40198 | Shoals:5 | Noticed Ilsuiw
 40245 | Shoals:5 | Killed Ilsuiw
 40349 | Shoals:5 | Got a slimy whip
 40350 | Shoals:5 | Identified the +8 whip "Ystoph" {pain, Int+4} (You found it on level 5 of the Shoals)
 41695 | Snake:1  | Entered Level 1 of the Snake Pit
 41966 | Snake:1  | Reached XP level 18. HP: 120/124 MP: 32/32
 42013 | Snake:1  | Noticed Aizul
 42029 | Snake:1  | Killed Aizul
 42029 | Snake:1  | Received a gift from Trog
 42969 | Snake:2  | Noticed Vashnia
 43008 | Snake:2  | Noticed Donald
 43672 | Snake:2  | Killed Vashnia
 43935 | Snake:2  | Noticed Norris
 43949 | Snake:2  | Killed Donald
 43967 | Snake:2  | Paralysed by Norris for 7 turns
 43970 | Snake:2  | Killed Norris
 43970 | Snake:2  | Received a gift from Trog
 44687 | Snake:2  | Noticed Kirke
 45121 | Snake:2  | Killed Kirke
 45499 | Snake:3  | Got a sheer robe
 45575 | Snake:3  | Identified the cursed +0 robe of Etuin {rPois+ MP-9 Slay+2 SInv} (You found it on level 3 of the Snake Pit)
 47388 | Snake:4  | Received a gift from Trog
 47538 | Snake:4  | Received a gift from Trog
 47565 | Snake:4  | Reached XP level 19. HP: 93/130 MP: 33/33
 47985 | Snake:4  | Reached skill level 18 in Fighting
 48005 | Snake:4  | Got a pair of crude gloves
 48016 | Snake:4  | Identified the +2 pair of gloves of Chimmes {rElec rCorr SInv} (You acquired it on level 4 of the Snake Pit)
 48550 | Snake:4  | Received a gift from Trog
 48913 | Snake:4  | Received a gift from Trog
 49005 | Snake:5  | Entered Level 5 of the Snake Pit
 49640 | Snake:5  | Reached skill level 10 in Throwing
 49674 | Snake:5  | Received a gift from Trog
 50825 | Snake:5  | Received a gift from Trog
 50946 | Snake:5  | Reached skill level 10 in Shields
 51173 | Snake:5  | Got a serpentine rune of Zot
 51705 | Snake:2  | Reached XP level 20. HP: 133/137 MP: 34/34
 52233 | Vaults:1 | Entered Level 1 of the Vaults
 52898 | Vaults:1 | Received a gift from Trog
 52965 | Vaults:1 | Noticed Saint Roka
 53007 | Vaults:1 | Killed Saint Roka
 53602 | Vaults:1 | Received a gift from Trog
 54608 | Vaults:2 | Reached skill level 10 in Dodging
 54645 | Vaults:2 | Received a gift from Trog
 54677 | Vaults:2 | Got a shimmering flail {god gift}
 54678 | Vaults:2 | Identified the +0 flail of Duty {venom, rF+ rC+ rN+ Str+3 Int-3} (Trog gifted it to you on level 2 of the Vaults)
 54715 | Vaults:2 | Found Saoziom's Weapon Shop.
 54807 | Vaults:2 | Reached skill level 19 in Fighting
 55218 | Vaults:2 | Found a staircase to the Crypt.
 55267 | Vaults:2 | Found Epeosm's Magic Scroll Boutique.
 55444 | Vaults:2 | Received a gift from Trog
 55741 | Vaults:2 | Found Avvilu's Book Shop.
 55755 | Vaults:2 | Got a faintly humming ring mail
 55766 | Vaults:2 | Identified the +3 ring mail of Gozag's Pride {rN+ Str+7} (You found it on level 2 of the Vaults)
 56634 | Vaults:2 | Received a gift from Trog
 56651 | Vaults:2 | Reached XP level 21. HP: 144/144 MP: 35/35
 56743 | Vaults:3 | Found Blimil Huav's Assorted Antiques.
 56760 | Vaults:3 | Bought a scroll of recharging for 209 gold pieces
 57444 | Vaults:3 | Received a gift from Trog
 57869 | Vaults:3 | Received a gift from Trog
 58165 | Vaults:4 | Received a gift from Trog
 58588 | Vaults:4 | Found Ynid's General Store.
 58611 | Vaults:4 | Bought 2 tomahawks of dispersal for 57 gold pieces
 58707 | Vaults:4 | Found Mizouthri's Weapon Shop.
 58732 | Vaults:4 | Found Hiojunk's Armour Shop.
 59351 | Vaults:4 | Reached skill level 15 in Armour
 60255 | Depths:1 | Entered Level 1 of the Depths
 60281 | Depths:1 | Received a gift from Trog
 60605 | Depths:1 | Received a gift from Trog
 60652 | Depths:1 | Found a runed gate.
 60652 | Depths:1 | Found a runed gate.
 60653 | Depths:1 | Found a runed gate.
 60862 | Depths:1 | Received a gift from Trog
 60862 | Depths:1 | Reached XP level 22. HP: 121/152 MP: 35/35
 60885 | Depths:1 | Found a one-way gate leading to the halls of Pandemonium.
 60942 | Depths:1 | Got a fine jade ring
 60944 | Depths:1 | Identified the ring of Xom's Generosity {Ice +Blink} (You took it off a crimson imp on level 1 of the Depths)
 61380 | Depths:1 | Received a gift from Trog
 61418 | Depths:1 | Found a gateway to Hell.
 61519 | Depths:1 | Got a fine scale mail
 61609 | Depths:1 | Reached skill level 20 in Fighting
 61816 | Depths:1 | Identified the +5 scale mail "Poen" {rElec rCorr MP+9 Int-3 Dex-2} (You took it off a red devil on level 1 of the Depths)
 62601 | Depths:2 | Received a gift from Trog
 62739 | Depths:2 | Got a dazzling ring mail
 62750 | Depths:2 | Identified the +2 ring mail of Acsuff {+Inv MR+} (You found it on level 2 of the Depths)
 62816 | Depths:2 | Received a gift from Trog
 63429 | Depths:3 | Noticed Jorgrun
 63445 | Depths:3 | Killed Jorgrun
 63512 | Depths:3 | Found a one-way gate to the infinite horrors of the Abyss.
 63554 | Depths:3 | Received a gift from Trog
 63825 | Depths:3 | Received a gift from Trog
 63974 | Depths:3 | Noticed Xtahua
 64004 | Depths:3 | Killed Xtahua
 64686 | Depths:3 | Reached XP level 23. HP: 158/158 MP: 36/36
 64981 | Depths:3 | Got a steaming marble ring
 65012 | Depths:3 | Identified the cursed ring of Beogh's Scorn {rPois+ rN+ Str+3 Int+3 Dex-3} (You found it on level 3 of the Depths)
 65498 | Depths:3 | Received a gift from Trog
 65647 | Depths:4 | Received a gift from Trog
 65678 | Depths:4 | Found a corrupted altar of Lugonu.
 65876 | Depths:4 | Found a gateway to a ziggurat.
 65912 | Depths:4 | You fall through a shaft!
 65912 | Depths:5 | Entered Level 5 of the Depths
 66213 | Depths:4 | Received a gift from Trog
 66964 | Depths:5 | Noticed Frederick
 66980 | Depths:5 | Killed Frederick
 66995 | Depths:5 | Gained mutation: Your skin changes colour to match your surroundings (Stealth). [potion of beneficial mutation]
 67114 | Depths:5 | Reached skill level 21 in Fighting
 67287 | Depths:5 | Reached skill level 15 in Shields
 67627 | Depths:5 | Found a gate to the Realm of Zot.
 67644 | Depths:5 | Received a gift from Trog
 67761 | Depths:5 | Reached skill level 15 in Throwing
 67803 | Depths:5 | Reached XP level 24. HP: 150/166 MP: 36/36
 67819 | Depths:5 | Paralysed by a vampire knight for 7 turns
 68145 | Depths:5 | Received a gift from Trog
 68887 | Elf:1    | Entered Level 1 of the Elven Halls
 68979 | Elf:1    | Found a deep blue altar of Sif Muna.
 69702 | Elf:1    | Got a translucent quarterstaff
 69846 | Elf:2    | Found Ruamoi's Distillery.
 69859 | Elf:2    | Received a gift from Trog
 69877 | Elf:2    | Bought 2 potions of heal wounds for 160 gold pieces
 69877 | Elf:2    | Bought a potion of heal wounds for 80 gold pieces
 69877 | Elf:2    | Bought a potion of cancellation for 128 gold pieces
 69877 | Elf:2    | Bought a potion of curing for 48 gold pieces
 69877 | Elf:2    | Bought a potion of curing for 48 gold pieces
 69943 | Elf:2    | Found a runed gate.
 69944 | Elf:2    | Found a runed gate.
 69944 | Elf:2    | Found a runed gate.
 69982 | Elf:2    | Found a shimmering altar of Xom.
 70024 | Elf:2    | Found Gief's Jewellery Emporium.
 70073 | Elf:2    | Found a burning altar of Makhleb.
 70094 | Elf:2    | Found Khabaibo's Antique Weapon Shoppe.
 70385 | Elf:2    | Received a gift from Trog
 70810 | Elf:2    | Received a gift from Trog
 70824 | Elf:3    | Entered Level 3 of the Elven Halls
 70838 | Elf:3    | Found a deep blue altar of Sif Muna.
 72306 | Elf:3    | Reached skill level 22 in Fighting
 72525 | Elf:3    | Reached XP level 25. HP: 173/173 MP: 38/38
 72564 | Elf:3    | Got a clouded tin amulet
 72565 | Elf:3    | Identified the amulet "Smosm" {rMut rF+ rC- rN+ Stlth+} (You took it off a deep elf summoner on level 3 of the Elven Halls)
 72656 | Elf:3    | Got a wavering bone ring
 72658 | Elf:3    | Identified the ring of Quebal {rC+ EV+4} (You took it off a deep elf demonologist on level 3 of the Elven Halls)
 72664 | Elf:3    | Got a scorched glaive
 72665 | Elf:3    | Identified the +8 glaive of Pufrifa {elec, rF- rN++} (You took it off a deep elf demonologist on level 3 of the Elven Halls)
 74179 | Slime:1  | Entered Level 1 of the Pits of Slime
 74323 | Slime:2  | Noticed Dissolution
 74358 | Slime:2  | Paralysed by a giant eyeball for 4 turns
 74366 | Slime:2  | Paralysed by a giant eyeball for 2 turns
 74376 | Slime:2  | Paralysed by a giant eyeball for 3 turns
 74382 | Slime:2  | Killed Dissolution
 74488 | Slime:3  | Paralysed by a great orb of eyes for 3 turns
 75011 | Slime:5  | Reached skill level 15 in Evocations
 75032 | Slime:6  | Entered Level 6 of the Pits of Slime
 75157 | Slime:6  | Received a gift from Trog
 75383 | Slime:6  | Found a viscous altar of Jiyva.
 75487 | Slime:6  | Noticed the royal jelly
 75508 | Slime:6  | Killed the royal jelly
 75590 | Slime:6  | Got a slimy rune of Zot
 75594 | Slime:6  | Got a shimmering golden ring
 75595 | Slime:6  | Identified the ring of Pnuec {+Inv rElec rN+ Slay+3} (You found it on level 6 of the Pits of Slime)
 75620 | Slime:6  | Got a warped wooden ring
 75638 | Slime:6  | Identified the ring of Tojoecuo {+/*Tele rC+ MP-9 Dex+5 SInv} (You found it on level 6 of the Pits of Slime)
 75711 | Slime:6  | Got a wavering golden amulet
 75725 | Slime:6  | Identified the amulet of the Exiled Tales {Spirit rElec rN+ Dex-4} (You found it on level 6 of the Pits of Slime)
 76982 | Vaults:5 | Entered Level 5 of the Vaults
 77260 | Vaults:5 | Noticed an ancient lich
 77324 | Vaults:5 | Received a gift from Trog
 77512 | Vaults:5 | Reached skill level 15 in Dodging
 77712 | Vaults:5 | Reached XP level 26. HP: 169/180 MP: 39/39
 78909 | Vaults:5 | Paralysed by an ogre mage for 2 turns
 78982 | Vaults:5 | Noticed Wiglaf
 79138 | Vaults:5 | Received a gift from Trog
 79153 | Vaults:5 | Reached skill level 23 in Fighting
 79527 | Vaults:5 | Noticed an ancient lich
 79562 | Vaults:5 | Killed an ancient lich
 79639 | Vaults:5 | Identified Puigud's Hermeneutics, Part Two
 80367 | Vaults:5 | Killed Wiglaf
 80367 | Vaults:5 | Received a gift from Trog
 80371 | Vaults:5 | Got a fine blowgun
 80373 | Vaults:5 | Identified the +1 blowgun "Ennishex" {speed, rElec rPois+ SInv} (You took it off Wiglaf on level 5 of the Vaults)
 80739 | Vaults:5 | Got a silver rune of Zot
 80863 | Vaults:5 | Identified the Incunabulum of Frigorific Lightness
 80902 | Vaults:5 | Received a gift from Trog
 80908 | Vaults:5 | Identified a +2 rod of clouds (4/10) {!a} (You took it off a vault warden on level 5 of the Vaults)
 81166 | Vaults:5 | Killed an ancient lich
 82683 | Zot:1    | Entered Level 1 of the Realm of Zot
 82928 | Zot:1    | Reached XP level 27. HP: 178/188 MP: 40/40
 83000 | Zot:1    | Received a gift from Trog
 83539 | Zot:1    | Noticed an orb of fire
 83545 | Zot:1    | Lost mutation: Your mind is acute. (Int +2) [an orb of fire]
 83552 | Zot:1    | Killed an orb of fire
 84191 | Elf:3    | Received a gift from Trog
 84970 | Zot:2    | Noticed Tiamat
 84978 | Zot:2    | Received a gift from Trog
 85058 | Zot:2    | Killed Tiamat
 85058 | Zot:2    | Reached skill level 24 in Fighting
 85176 | Zot:2    | Received a gift from Trog
 85399 | Zot:2    | Gained mutation: Your muscles are strong. (Str +2) [potion of beneficial mutation]
 85728 | Zot:2    | Received a gift from Trog
 85935 | Zot:2    | Got a pitted copper ring
 85946 | Zot:2    | Identified the ring "Frotung" {Int+4 Dex+2} (You found it on level 2 of the Realm of Zot)
 87329 | Zot:3    | Received a gift from Trog
 87817 | Zot:4    | Received a gift from Trog
 88328 | Zot:5    | Entered Level 5 of the Realm of Zot
 89541 | Orc:4    | Bought a potion of haste for 340 gold pieces
 89935 | Vaults:2 | Bought a book of Enchantments for 750 gold pieces
 90453 | Temple   | Fell from the grace of Trog
 90453 | Temple   | Became a worshipper of the Shining One
 90601 | Lair:1   | Learned a level 1 spell: Apportation
 90604 | Lair:1   | Learned a level 2 spell: Blink
 90606 | Lair:1   | Learned a level 1 spell: Summon Butterflies
 90609 | Lair:1   | Learned a level 2 spell: Repel Missiles
 90616 | Lair:1   | Learned a level 6 spell: Haste
 90622 | Lair:1   | Learned a level 5 spell: Silence
 90961 | Crypt:1  | Entered Level 1 of the Crypt
 91006 | Crypt:1  | Acquired the Shining One's first power
 91127 | Crypt:1  | Acquired the Shining One's second power
 91156 | Crypt:1  | Reached skill level 1 in Spellcasting
 91248 | Crypt:1  | Reached skill level 1 in Translocations
 91337 | Crypt:1  | Reached skill level 1 in Charms
 91840 | Crypt:2  | Acquired the Shining One's third power
 92062 | Crypt:2  | Acquired the Shining One's fourth power
 92794 | Crypt:3  | Entered Level 3 of the Crypt
 93576 | Temple   | Identified a +9 eveningstar of holy wrath (a +8 eveningstar of protection blessed by the Shining One)
 94134 | Crypt:3  | Found a staircase to the Tomb.
 94269 | Crypt:3  | Paralysed by a vampire knight for 3 turns
 94415 | Crypt:3  | Reached skill level 5 in Translocations
 94441 | Crypt:3  | Got a glittering iron ring
 94441 | Crypt:3  | Got a crude steel ring
 94451 | Crypt:3  | Identified the ring of Mirth {rN+ Str+3 Int+4} (You found it on level 3 of the Crypt)
 94452 | Crypt:3  | Identified the ring "Cibihept" {rPois+ rF- rN+ Int+4 Dex-5 Stlth+} (You found it on level 3 of the Crypt)
 94470 | Crypt:3  | Reached skill level 5 in Spellcasting
 94532 | Crypt:3  | Reached skill level 5 in Charms
 94720 | Crypt:3  | Noticed Sojobo
 94739 | Crypt:3  | Killed Sojobo
 95651 | Depths:3 | Voluntarily entered the Abyss.
 95694 | Abyss:2  | Found a corrupted altar of Lugonu.
 95715 | Abyss:2  | Found a corrupted altar of Lugonu.
 95755 | Abyss:2  | Found a corrupted altar of Lugonu.
 95849 | Abyss:2  | Found a corrupted altar of Lugonu.
 95956 | Abyss:3  | Found a corrupted altar of Lugonu.
 96144 | Abyss:3  | Reached skill level 1 in Invocations
 96164 | Abyss:3  | Got an abyssal rune of Zot
 96215 | Abyss:3  | Reached skill level 1 in Summonings
 96324 | Abyss:3  | Paralysed by accursed screaming for 1 turns
 96378 | Depths:3 | Escaped the Abyss
 96910 | Zot:5    | Noticed an ancient lich
 96930 | Zot:5    | Killed an ancient lich
 97098 | Zot:5    | Noticed an ancient lich
 97132 | Zot:5    | Killed an ancient lich
 97151 | Zot:5    | Noticed an orb of fire
 97158 | Zot:5    | Noticed an ancient lich
 97179 | Zot:5    | Killed an orb of fire
 97187 | Zot:5    | Killed an ancient lich
 97187 | Zot:5    | Reached skill level 5 in Invocations
 97224 | Zot:5    | Noticed an ancient lich
 97236 | Zot:5    | Killed an ancient lich
 97385 | Zot:5    | Noticed an orb of fire
 97405 | Zot:5    | Killed an orb of fire
 97643 | Zot:5    | Noticed an orb of fire
 97673 | Zot:5    | Killed an orb of fire
 97714 | Zot:5    | Noticed an orb of fire
 97734 | Zot:5    | Killed an orb of fire
 98002 | Zot:5    | Noticed an ancient lich
 98017 | Zot:5    | Killed an ancient lich
 98245 | Zot:5    | Got a faintly humming chain mail
 98246 | Zot:5    | Identified the +2 chain mail "Phaepacw" {SInv} (You found it on level 5 of the Realm of Zot)
 98648 | Zot:5    | Noticed an orb of fire
 98651 | Zot:5    | Noticed an ancient lich
 98693 | Zot:5    | Noticed an ancient lich
 98701 | Zot:5    | Killed an ancient lich
 99432 | Zot:5    | Noticed an ancient lich
 99623 | Zot:5    | Killed an ancient lich
 99670 | Zot:5    | Killed an ancient lich
 99839 | Zot:5    | Killed an orb of fire
100238 | Zot:5    | Reached skill level 10 in Spellcasting
100353 | Zot:5    | Reached skill level 10 in Translocations
100402 | Zot:5    | Reached skill level 10 in Charms
100610 | Zot:5    | Got the Orb of Zot
100715 | Zot:3    | Reached skill level 10 in Invocations
101135 | D:11     | Bought a potion of resistance for 140 gold pieces
101135 | D:11     | Bought a potion of cancellation for 112 gold pieces
101135 | D:11     | Bought a potion of brilliance for 56 gold pieces
101135 | D:11     | Bought a potion of cancellation for 112 gold pieces
101191 | D:9      | Noticed Twaxurgh the pandemonium lord
101313 | D:4      | Noticed Xabb the pandemonium lord
101406 | D:$      | Escaped with the Orb!

Action                   |  1- 3 |  4- 6 |  7- 9 | 10-12 | 13-15 | 16-18 | 19-21 | 22-24 | 25-27 || total
-------------------------+-------+-------+-------+-------+-------+-------+-------+-------+-------++-------
Melee: Mace              |     9 |       |     8 |       |       |       |       |       |       ||    17
       Flail             |    69 |   181 |   479 |    14 |       |       |       |       |       ||   743
       Unarmed           |       |     8 |     2 |       |       |     9 |       |       |       ||    19
       Whip              |       |       |    88 |       |       |       |       |       |       ||    88
       Morningstar       |       |       |       |   454 |   931 |       |       |       |       ||  1385
       Great mace        |       |       |       |    58 |   634 |   864 |   246 |       |       ||  1802
       Dire flail        |       |       |       |     8 |    78 |       |       |       |       ||    86
       Demon whip        |       |       |       |       |   265 |   235 |       |       |       ||   500
       Eveningstar       |       |       |       |       |       |   848 |  1862 |  2194 |  3999 ||  8903
 Fire: Blowgun           |       |       |     8 |       |     2 |       |    11 |       |     3 ||    24
Throw: Tomahawk          |       |       |       |       |    28 |   107 |   162 |       |    91 ||   388
       Javelin           |       |       |       |       |     9 |    15 |    36 |   317 |   275 ||   652
       Throwing net      |       |       |       |       |       |     4 |       |       |       ||     4
 Cast: Blink             |       |       |       |       |       |       |       |       |    13 ||    13
       Repel Missiles    |       |       |       |       |       |       |       |       |     1 ||     1
Invok: Berserk           |     3 |     5 |     5 |     5 |     6 |     3 |       |       |     2 ||    29
       Trog's Hand       |       |     1 |     1 |     1 |    15 |    17 |    19 |    41 |    21 ||   116
       Brothers in Arms  |       |       |     1 |     4 |    14 |     9 |     4 |     3 |     6 ||    41
       Summon Divine War |       |       |       |       |       |       |       |       |     7 ||     7
       Cleansing Flame   |       |       |       |       |       |       |       |       |     4 ||     4
 Abil: Fly               |       |       |       |       |     1 |       |       |     3 |     1 ||     5
       Evoke Teleportati |       |       |       |       |       |     3 |       |       |       ||     3
       Stop Flying       |       |       |       |       |       |       |     1 |     2 |     1 ||     4
       Evoke Teleport Co |       |       |       |       |       |       |       |       |     1 ||     1
       Evoke Invisibilit |       |       |       |       |       |       |       |       |     4 ||     4
Evoke: Wand              |       |       |       |     9 |    20 |    19 |     4 |     6 |    33 ||    91
       Fan of gales (ine |       |       |       |       |       |       |       |       |     4 ||     4
       Lamp of fire      |       |       |       |       |       |       |       |       |     2 ||     2
  Use: Scroll            |     1 |     6 |    17 |    11 |    16 |    11 |    13 |    13 |    31 ||   119
       Potion            |       |       |     2 |     3 |     9 |     7 |     3 |     2 |    36 ||    62
 Stab: Confused          |       |     1 |       |       |       |       |       |       |       ||     1
       Distracted        |       |       |     1 |       |     2 |     2 |     1 |     2 |     4 ||    12
       Paralysed         |       |       |       |       |     5 |       |       |     1 |       ||     6
       Petrifying        |       |       |       |       |     1 |       |       |       |       ||     1
       Invisible         |       |       |       |       |       |    25 |       |     2 |    30 ||    57
       Held in net/web   |       |       |       |       |       |     3 |       |       |       ||     3
       Sleeping          |       |       |       |       |       |     1 |       |       |     1 ||     2
  Eat: Chunk             |     3 |    12 |    24 |    15 |    58 |    57 |    40 |    13 |    15 ||   237
       Beef jerky        |       |       |     1 |     3 |     1 |     1 |     2 |     1 |     2 ||    11
       Fruit             |       |       |     5 |       |    11 |     4 |       |     3 |     5 ||    28
       Royal jelly       |       |       |       |     1 |       |       |       |       |     1 ||     2
       Bread ration      |       |       |       |     1 |       |       |       |     2 |    13 ||    16
       Pizza             |       |       |       |       |     3 |     1 |       |       |     3 ||     7
       Meat ration       |       |       |       |       |       |       |     1 |     5 |     6 ||    12
